| TOP OF THE 1ST |
|
Hawaii Islanders batting - Pitching for Tucson Toros : RHP Alfredo Campos
|
|
Pitching: RHP Alfredo Campos
|
|
|
Batting: LHB Leo Sutherland
|
0-0: Foul Ball, location: 2F 0-1: SINGLE (Line Drive, 7S, EV 97.5 MPH)
|
|
Batting: RHB Chris Nyman
|
0-0: Ball 1-0: Ball 2-0: Called Strike 2-1: SINGLE (Groundball, 4MS, EV 67.5 MPH) (infield hit) Leo Sutherland to second
|
|
Batting: RHB Duke Hinds
|
0-0: Ball 1-0: Swinging Strike 1-1: Ball 2-1: Ball 3-1: Foul Ball, location: 2F 3-2: Base on Balls Leo Sutherland to third Chris Nyman to second
|
|
Batting: SHB Charles Valley
|
0-0: Swinging Strike 0-1: Called Strike 0-2: Strikes out swinging
|
|
Batting: LHB Dom Fucci
|
0-0: Ball 1-0: Foul Ball, location: 2F 1-1: Ball 2-1: Ball 3-1: Base on Balls Leo Sutherland scores Chris Nyman to third Duke Hinds to second
|
|
Batting: RHB Dave L Stapleton
|
0-0: Ball 1-0: GRAND SLAM HOME RUN (Flyball, 7D, EV 101.9 MPH), Distance : 359 ft
|
|
Batting: LHB Jerry Willard
|
0-0: Ball 1-0: Foul Ball, location: 2F 1-1: Ball 2-1: Ball 3-1: Base on Balls
|
|
Batting: RHB Rob Teegarden
|
0-0: Swinging Strike 0-1: Ball 1-1: Ball 2-1: Foul Ball, location: 2F 2-2: Strikes out swinging
|
|
Batting: RHB Peter Peltz
|
0-0: Swinging Strike 0-1: Foul Ball, location: 2F 0-2: Ball 1-2: Ball 2-2: Ball 3-2: Foul Ball, location: 2F 3-2: Strikes out swinging
|
| Top of the 1st over - 5 runs, 3 hits, 0 errors, 1 left on base; Hawaii 5 - Tucson 0 |
| BOTTOM OF THE 1ST |
|
Tucson Toros batting - Pitching for Hawaii Islanders : LHP Jeff Grose
|
|
Pitching: LHP Jeff Grose
|
|
|
Batting: LHB Danny Garcia
|
0-0: Ball 1-0: Foul Ball, location: 2F 1-1: Ground out U3 (Groundball, 34, EV 87.5 MPH)
|
|
Batting: LHB Juan Bustabad
|
0-0: Foul Ball, location: 2F 0-1: Ball 1-1: SINGLE (Groundball, 34S, EV 68.8 MPH) (infield hit)
|
|
Batting: LHB Tim Krauss
|
0-0: Ball 1-0: Foul Ball, location: 2F 1-1: Ball 2-1: Ball 3-1: Foul Ball, location: 2F 3-2: Foul Ball, location: 2F 3-2: SINGLE (Flyball, 56D, EV 96.9 MPH) Juan Bustabad to second Juan Bustabad to third
|
|
Batting: RHB David Holmes
|
0-0: Called Strike 0-1: Foul Ball, location: 2F 0-2: Ball 1-2: Foul Ball, location: 2F 1-2: Ball 2-2: Foul Ball, location: 2F 2-2: Fly out, F7 (Flyball, 78M, EV 93.1 MPH) Runner from 3rd tags up, SCORES, throw by LF
|
|
Batting: LHB Pat Dodson
|
0-0: Ball 1-0: Foul Ball, location: 2F 1-1: Foul Ball, location: 2F 1-2: Hit by Pitch Tim Krauss to second
|
|
Batting: SHB Michael Miara
|
0-0: Ball 1-0: Called Strike 1-1: Ground out 6-3 (Groundball, 6, EV 80.6 MPH)
|
| Bottom of the 1st over - 1 run, 2 hits, 0 errors, 2 left on base; Hawaii 5 - Tucson 1 |
| TOP OF THE 2ND |
|
Hawaii Islanders batting - Pitching for Tucson Toros : RHP Alfredo Campos
|
|
Batting: LHB Leo Sutherland
|
0-0: Called Strike 0-1: Ball 1-1: Called Strike 1-2: Ball 2-2: Ball 3-2: SINGLE (Groundball, 4M, EV 99.4 MPH) (infield hit)
|
|
Batting: RHB Chris Nyman
|
0-0: Swinging Strike 0-1: Foul Ball, location: 2F 0-2: Ball 1-2: Foul Ball, location: 2F 1-2: Ball 2-2: Foul Ball, location: 2F 2-2: Fly out, F6 (Flyball, 6D, EV 88.1 MPH)
|
|
Batting: RHB Duke Hinds
|
0-0: Called Strike 0-1: Fly out, F7 (Flyball, 78D, EV 95.0 MPH)
|
|
Batting: SHB Charles Valley
|
0-0: Called Strike 0-1: Foul Ball, location: 2F 0-2: SINGLE (Line Drive, 9LS, EV 91.3 MPH) Leo Sutherland to second Runner from 2nd tries for 3rd, SAFE, throw by RF made to third
|
|
Batting: LHB Dom Fucci
|
0-0: Foul Ball, location: 2F 0-1: Called Strike 0-2: Strikes out looking
|
| Top of the 2nd over - 0 runs, 2 hits, 0 errors, 2 left on base; Hawaii 5 - Tucson 1 |
| BOTTOM OF THE 2ND |
|
Tucson Toros batting - Pitching for Hawaii Islanders : LHP Jeff Grose
|
|
Batting: SHB Kevin King
|
0-0: Called Strike 0-1: Ball 1-1: Ball 2-1: Ball 3-1: Reached on error, E6 (Groundball, 6, EV 83.8 MPH)
|
|
Batting: LHB Bruce Boisclair
|
0-0: Ball 1-0: Ball 2-0: Ball 3-0: Base on Balls Kevin King to second
|
|
Batting: RHB Lee Muszynski
|
0-0: Called Strike 0-1: Called Strike 0-2: Ball 1-2: Ball 2-2: Ball 3-2: Base on Balls Kevin King to third Bruce Boisclair to second
|
|
Batting: LHB Danny Garcia
|
0-0: Swinging Strike 0-1: Ball 1-1: Ball 2-1: Ball 3-1: Base on Balls Kevin King scores Bruce Boisclair to third Lee Muszynski to second
|
|
Batting: LHB Juan Bustabad
|
0-0: Called Strike 0-1: Ball 1-1: Ball 2-1: Foul Ball, location: 2F 2-2: GRAND SLAM HOME RUN (Flyball, 9D, EV 93.1 MPH), Distance : 367 ft
|
|
Batting: LHB Tim Krauss
|
0-0: Ball 1-0: Ball 2-0: Called Strike 2-1: Ball 3-1: Base on Balls
|
|
Pitching: LHP Jesus Moreno
|
|
|
Batting: RHB David Holmes
|
0-0: Ball 1-0: Called Strike 1-1: Ball 2-1: Swinging Strike 2-2: Foul Ball, location: 2F 2-2: Foul Ball, location: 2F 2-2: Ball 3-2: Base on Balls Tim Krauss to second
|
|
Batting: LHB Pat Dodson
|
0-0: Called Strike 0-1: Called Strike 0-2: Ball 1-2: Strikes out swinging
|
|
Batting: SHB Michael Miara
|
0-0: Called Strike 0-1: Ball 1-1: Ball 2-1: Swinging Strike 2-2: Ball 3-2: Fly out, F4 (Popup, 4D, EV 51.9 MPH)
|
|
Batting: SHB Kevin King
|
0-0: Ball 1-0: Ball 2-0: Ball 3-0: Called Strike 3-1: Called Strike 3-2: Base on Balls Tim Krauss to third David Holmes to second
|
|
Batting: LHB Bruce Boisclair
|
0-0: Called Strike 0-1: Foul Ball, location: 2F 0-2: TRIPLE (Line Drive, 78XD, EV 108.1 MPH) Tim Krauss scores David Holmes scores Kevin King scores
|
|
Batting: RHB Lee Muszynski
|
0-0: Ball 1-0: Ball 2-0: DOUBLE (Groundball, 3L, EV 94.4 MPH) Bruce Boisclair scores
|
|
Batting: LHB Danny Garcia
|
0-0: Foul Ball, location: 2F 0-1: Foul Ball, location: 2F 0-2: Hit by Pitch
|
|
Batting: LHB Juan Bustabad
|
0-0: Ball 1-0: SINGLE (Groundball, 34D, EV 96.3 MPH) Lee Muszynski to third Danny Garcia to second Runner from 3rd tries for Home, SAFE, throw by RF to home
|
|
Batting: LHB Tim Krauss
|
0-0: Fly out, F8 (Line Drive, 8LM, EV 93.8 MPH)
|
| Bottom of the 2nd over - 10 runs, 4 hits, 1 error, 2 left on base; Hawaii 5 - Tucson 11 |
| TOP OF THE 3RD |
|
Hawaii Islanders batting - Pitching for Tucson Toros : RHP Alfredo Campos
|
|
Batting: RHB Dave L Stapleton
|
0-0: Ball 1-0: Swinging Strike 1-1: Foul Ball, location: 2F 1-2: SINGLE (Line Drive, 9LS, EV 90.6 MPH)
|
|
Batting: LHB Jerry Willard
|
0-0: Swinging Strike 0-1: Fielders Choice at 2nd, 6-4 (Groundball, 6, EV 80.0 MPH)
|
|
Batting: RHB Rob Teegarden
|
0-0: Ground out 5-3 (Groundball, 56S, EV 69.4 MPH) Jerry Willard to second
|
|
Batting: RHB Peter Peltz
|
0-0: Called Strike 0-1: Ball 1-1: Foul Ball, location: 2F 1-2: SINGLE (Groundball, 34D, EV 93.8 MPH) Jerry Willard to third Runner from 3rd tries for Home, SAFE, throw by RF to home Peter Peltz to second
|
|
Pitching: LHP Dan Schatzeder
|
|
|
Batting: LHB Leo Sutherland
|
0-0: Called Strike 0-1: Fly out, F8 (Line Drive, 8LD, EV 92.5 MPH)
|
| Top of the 3rd over - 1 run, 2 hits, 0 errors, 1 left on base; Hawaii 6 - Tucson 11 |
| BOTTOM OF THE 3RD |
|
Tucson Toros batting - Pitching for Hawaii Islanders : LHP Jesus Moreno
|
|
Batting: RHB David Holmes
|
0-0: Swinging Strike 0-1: Swinging Strike 0-2: Ground out 6-3 (Groundball, 6M, EV 89.4 MPH)
|
|
Batting: LHB Pat Dodson
|
0-0: Ball 1-0: Called Strike 1-1: Ball 2-1: Swinging Strike 2-2: Ball 3-2: Base on Balls
|
|
Batting: SHB Michael Miara
|
0-0: Called Strike 0-1: Ball 1-1: Ball 2-1: Fly out, F3 (Popup, 23, EV 83.1 MPH)
|
|
Batting: SHB Kevin King
|
0-0: Fly out, F6 (Popup, 6MD, EV 62.5 MPH)
|
| Bottom of the 3rd over - 0 runs, 0 hits, 0 errors, 1 left on base; Hawaii 6 - Tucson 11 |
| TOP OF THE 4TH |
|
Hawaii Islanders batting - Pitching for Tucson Toros : LHP Dan Schatzeder
|
|
Batting: RHB Chris Nyman
|
0-0: Ground out 5-3 (Groundball, 56, EV 78.8 MPH)
|
|
Batting: RHB Duke Hinds
|
0-0: Ball 1-0: Swinging Strike 1-1: Ball 2-1: Ball 3-1: SINGLE (Line Drive, 7S, EV 102.5 MPH)
|
|
Batting: SHB Charles Valley
|
0-0: Ball 1-0: Ball 2-0: Ball 3-0: Base on Balls Duke Hinds to second
|
|
Batting: LHB Dom Fucci
|
0-0: Ball 1-0: Foul Ball, location: 2F 1-1: Fly out, F4 (Popup, 34D, EV 52.5 MPH)
|
|
Batting: RHB Dave L Stapleton
|
0-0: Called Strike 0-1: Ball 1-1: Ball 2-1: Ball 3-1: Fly out, F7 (Line Drive, 7D, EV 105.0 MPH)
|
| Top of the 4th over - 0 runs, 1 hit, 0 errors, 2 left on base; Hawaii 6 - Tucson 11 |
| BOTTOM OF THE 4TH |
|
Tucson Toros batting - Pitching for Hawaii Islanders : LHP Jesus Moreno
|
|
Batting: LHB Bruce Boisclair
|
0-0: Ball 1-0: Called Strike 1-1: Swinging Strike 1-2: SINGLE (Groundball, 4MD, EV 98.8 MPH)
|
|
Batting: RHB Lee Muszynski
|
0-0: Ball 1-0: Foul Ball, location: 2F 1-1: Swinging Strike 1-2: Ball 2-2: Foul Ball, location: 2F 2-2: Ball 3-2: SINGLE (Line Drive, 34D, EV 99.4 MPH) Bruce Boisclair to second Bruce Boisclair to third
|
|
Pitching: RHP Michael Mahoski
|
|
|
Batting: LHB Danny Garcia
|
0-0: SINGLE (Groundball, 4M, EV 96.9 MPH) (infield hit) Bruce Boisclair scores Lee Muszynski to second
|
|
Batting: LHB Juan Bustabad
|
0-0: Reached on error, E6 (Groundball, 6, EV 103.8 MPH) Lee Muszynski to third Danny Garcia to second
|
|
Batting: LHB Tim Krauss
|
0-0: Ball 1-0: Foul Ball, location: 2F 1-1: Ball 2-1: Fly out, F8 (Line Drive, 8RM, EV 92.5 MPH) Runner from 3rd tags up, SCORES, no throw by CF
|
|
Batting: RHB David Holmes
|
0-0: Called Strike 0-1: SINGLE (Groundball, 6M, EV 97.5 MPH) Danny Garcia to third Juan Bustabad to second Runner from 3rd tries for Home, SAFE, throw by CF to home
|
|
Batting: LHB Pat Dodson
|
0-0: Ball 1-0: Swinging Strike 1-1: Foul Ball, location: 2F 1-2: Fly out, F9 (Flyball, 9LS, EV 79.4 MPH)
|
|
Batting: SHB Michael Miara
|
0-0: Called Strike 0-1: Ball 1-1: Called Strike 1-2: Ball 2-2: Ball 3-2: Foul Ball, location: 2F 3-2: Fly out, F8 (Flyball, 78D, EV 85.0 MPH)
|
| Bottom of the 4th over - 3 runs, 4 hits, 1 error, 2 left on base; Hawaii 6 - Tucson 14 |
| TOP OF THE 5TH |
|
Hawaii Islanders batting - Pitching for Tucson Toros : LHP Dan Schatzeder
|
|
Batting: LHB Jerry Willard
|
0-0: Ball 1-0: Ground out 4-3 (Groundball, 4, EV 78.8 MPH)
|
|
Batting: RHB Rob Teegarden
|
0-0: Fly out, F9 (Flyball, 9D, EV 103.8 MPH)
|
|
Batting: RHB Peter Peltz
|
0-0: Called Strike 0-1: Ball 1-1: Ball 2-1: SINGLE (Groundball, 56D, EV 98.1 MPH)
|
|
Batting: LHB Leo Sutherland
|
0-0: SINGLE (Groundball, 56D, EV 105.0 MPH) Peter Peltz to second
|
|
Batting: RHB Chris Nyman
|
0-0: Ball 1-0: Fielders Choice at 2nd, 6-4 (Groundball, 6, EV 79.4 MPH)
|
| Top of the 5th over - 0 runs, 2 hits, 0 errors, 2 left on base; Hawaii 6 - Tucson 14 |
| BOTTOM OF THE 5TH |
|
Tucson Toros batting - Pitching for Hawaii Islanders : RHP Michael Mahoski
|
|
Batting: SHB Kevin King
|
0-0: Fly out, F7 (Flyball, 78D, EV 91.9 MPH)
|
|
Batting: LHB Bruce Boisclair
|
0-0: Ball 1-0: Ball 2-0: Ball 3-0: Called Strike 3-1: Foul Ball, location: 2F 3-2: Fly out, F8 (Flyball, 8RS, EV 84.4 MPH)
|
|
Batting: RHB Lee Muszynski
|
0-0: Foul Ball, location: 2F 0-1: Called Strike 0-2: Strikes out swinging
|
| Bottom of the 5th over - 0 runs, 0 hits, 0 errors, 0 left on base; Hawaii 6 - Tucson 14 |
| TOP OF THE 6TH |
|
Hawaii Islanders batting - Pitching for Tucson Toros : LHP Dan Schatzeder
|
|
Batting: RHB Duke Hinds
|
0-0: Ball 1-0: Swinging Strike 1-1: Swinging Strike 1-2: Strikes out looking
|
|
Batting: SHB Charles Valley
|
0-0: Ball 1-0: Ball 2-0: Ground out 5-3 (Groundball, 56, EV 91.3 MPH)
|
|
Batting: LHB Dom Fucci
|
0-0: Called Strike 0-1: Ball 1-1: Foul Ball, location: 2F 1-2: Ball 2-2: Strikes out swinging
|
| Top of the 6th over - 0 runs, 0 hits, 0 errors, 0 left on base; Hawaii 6 - Tucson 14 |
| BOTTOM OF THE 6TH |
|
Tucson Toros batting - Pitching for Hawaii Islanders : RHP Michael Mahoski
|
|
Batting: LHB Danny Garcia
|
0-0: SINGLE (Flyball, 4MD, EV 91.3 MPH)
|
|
Batting: LHB Juan Bustabad
|
0-0: Foul Ball, location: 2F 0-1: Foul Ball, location: 2F 0-2: Ball 1-2: Ball 2-2: Ball 3-2: Fly out, F6 (Popup, 6, EV 66.3 MPH)
|
|
Batting: LHB Tim Krauss
|
0-0: Foul Ball, location: 2F 0-1: Fly out, F9 (Flyball, 9S, EV 97.5 MPH)
|
|
Batting: RHB David Holmes
|
0-0: Ball 1-0: Ball 2-0: SINGLE (Groundball, 56D, EV 102.5 MPH) Danny Garcia to second
|
|
Batting: LHB Pat Dodson
|
0-0: Ball 1-0: Ball 2-0: Ball 3-0: Base on Balls Danny Garcia to third David Holmes to second
|
|
Batting: SHB Michael Miara
|
0-0: Ball 1-0: Swinging Strike 1-1: Ball 2-1: Fly out, F8 (Flyball, 8LM, EV 85.0 MPH)
|
| Bottom of the 6th over - 0 runs, 2 hits, 0 errors, 3 left on base; Hawaii 6 - Tucson 14 |
| TOP OF THE 7TH |
|
Hawaii Islanders batting - Pitching for Tucson Toros : LHP Dan Schatzeder
|
|
Batting: RHB Dave L Stapleton
|
0-0: Ball 1-0: Foul Ball, location: 2F 1-1: Ball 2-1: DOUBLE (Groundball, 5L, EV 103.8 MPH)
|
|
Batting: LHB Jerry Willard
|
0-0: Fly out, F8 (Flyball, 8LM, EV 88.1 MPH)
|
|
Batting: RHB Rob Teegarden
|
0-0: Called Strike 0-1: Called Strike 0-2: Ground out 4-3 (Groundball, 4, EV 90.0 MPH) Dave L Stapleton to third
|
|
Batting: RHB Peter Peltz
|
0-0: Swinging Strike 0-1: Ball 1-1: Foul Ball, location: 2F 1-2: Foul Ball, location: 2F 1-2: Ball 2-2: Ball 3-2: Base on Balls
|
|
Pinch Hitting: LHB Franklin Lopez
|
0-0: Ground out 4-3 (Groundball, 4, EV 101.9 MPH)
|
| Top of the 7th over - 0 runs, 1 hit, 0 errors, 2 left on base; Hawaii 6 - Tucson 14 |
| BOTTOM OF THE 7TH |
|
Tucson Toros batting - Pitching for Hawaii Islanders : RHP Michael Mahoski
|
|
Now in LF: Franklin Lopez
|
|
|
Batting: SHB Kevin King
|
0-0: Called Strike 0-1: Foul Ball, location: 2F 0-2: Ball 1-2: DOUBLE (Flyball, 89D, EV 96.9 MPH)
|
|
Batting: LHB Bruce Boisclair
|
0-0: Called Strike 0-1: Ball 1-1: Ball 2-1: Ball 3-1: Called Strike 3-2: Foul Ball, location: 2F 3-2: Base on Balls
|
|
Batting: RHB Lee Muszynski
|
0-0: Foul Ball, location: 2F 0-1: Ball 1-1: Ball 2-1: Foul Ball, location: 2F 2-2: SINGLE (Flyball, 6D, EV 86.9 MPH) Kevin King to third Bruce Boisclair to second
|
|
Batting: LHB Danny Garcia
|
0-0: Foul Ball, location: 2F 0-1: Swinging Strike 0-2: Fly out, F3 (Popup, 34, EV 77.5 MPH)
|
|
Batting: LHB Juan Bustabad
|
0-0: Ball 1-0: Ball 2-0: Ball 3-0: Called Strike 3-1: Base on Balls Kevin King scores Bruce Boisclair to third Lee Muszynski to second
|
|
Pitching: LHP Bill Latham
|
|
|
Batting: LHB Tim Krauss
|
0-0: Called Strike 0-1: Ball 1-1: Called Strike 1-2: Ball 2-2: Ball 3-2: Foul Ball, location: 2F 3-2: Base on Balls Bruce Boisclair scores Lee Muszynski to third Juan Bustabad to second
|
|
Batting: RHB David Holmes
|
0-0: Called Strike 0-1: Ball 1-1: Swinging Strike 1-2: Ball 2-2: Foul Ball, location: 2F 2-2: Foul Ball, location: 2F 2-2: Ball 3-2: Base on Balls Lee Muszynski scores Juan Bustabad to third Tim Krauss to second
|
|
Batting: LHB Pat Dodson
|
0-0: Called Strike 0-1: Fly out, F9 (Flyball, 9S, EV 90.0 MPH)
|
|
Batting: SHB Michael Miara
|
0-0: Swinging Strike 0-1: Foul Ball, location: 2F 0-2: SINGLE (Groundball, 56, EV 104.4 MPH) (infield hit) Juan Bustabad scores Tim Krauss to third David Holmes to second
|
|
Batting: SHB Kevin King
|
0-0: Called Strike 0-1: Foul Ball, location: 2F 0-2: Foul Ball, location: 2F 0-2: Ball 1-2: Ball 2-2: Strikes out swinging
|
| Bottom of the 7th over - 4 runs, 3 hits, 0 errors, 3 left on base; Hawaii 6 - Tucson 18 |
| TOP OF THE 8TH |
|
Hawaii Islanders batting - Pitching for Tucson Toros : LHP Dan Schatzeder
|
|
Batting: RHB Chris Nyman
|
0-0: Ground out 5-3 (Groundball, 56, EV 80.6 MPH)
|
|
Batting: RHB Duke Hinds
|
0-0: Ball 1-0: Ball 2-0: Ball 3-0: Called Strike 3-1: Base on Balls
|
|
Pinch Hitting: RHB James Barbe
|
0-0: Ball 1-0: Foul Ball, location: 2F 1-1: Ball 2-1: Ball 3-1: Base on Balls Duke Hinds to second
|
|
Pitching: RHP Glenn Abbott
|
|
|
Pinch Hitting: LHB Paul Tomini
|
0-0: Foul Ball, location: 2F 0-1: Swinging Strike 0-2: Strikes out swinging
|
|
Batting: RHB Dave L Stapleton
|
0-0: Ball 1-0: Foul Ball, location: 2F 1-1: Ball 2-1: Ground out 6-3 (Groundball, 6M, EV 83.1 MPH)
|
| Top of the 8th over - 0 runs, 0 hits, 0 errors, 2 left on base; Hawaii 6 - Tucson 18 |
| BOTTOM OF THE 8TH |
|
Tucson Toros batting - Pitching for Hawaii Islanders : LHP Bill Latham
|
|
Now at 1B: James Barbe
|
|
|
Now in LF: Paul Tomini
|
|
|
Batting: LHB Bruce Boisclair
|
0-0: Fly out, F9 (Flyball, 9LD, EV 105.0 MPH)
|
|
Batting: RHB Lee Muszynski
|
0-0: Ball 1-0: Ground out 6-3 (Groundball, 6, EV 78.8 MPH)
|
|
Batting: LHB Danny Garcia
|
0-0: Called Strike 0-1: Swinging Strike 0-2: Ball 1-2: Strikes out swinging
|
| Bottom of the 8th over - 0 runs, 0 hits, 0 errors, 0 left on base; Hawaii 6 - Tucson 18 |
| TOP OF THE 9TH |
|
Hawaii Islanders batting - Pitching for Tucson Toros : RHP Glenn Abbott
|
|
Batting: LHB Jerry Willard
|
0-0: Called Strike 0-1: Ball 1-1: Swinging Strike 1-2: Fly out, F4 (Flyball, 34D, EV 87.5 MPH)
|
|
Batting: RHB Rob Teegarden
|
0-0: Called Strike 0-1: Ground out 5-3 (Groundball, 56D, EV 87.5 MPH)
|
|
Batting: RHB Peter Peltz
|
0-0: Ball 1-0: Ball 2-0: Fly out, F6 (Flyball, 6MD, EV 84.4 MPH)
|
| Top of the 9th over - 0 runs, 0 hits, 0 errors, 0 left on base; Hawaii 6 - Tucson 18 |
|